Map: Heavy Artillery LE

Players

qqq - Winner!

  • Race: Zerg Zerg
  • Spawn Location: 7:00

Massa - Winner!

  • Race: Terran Terran
  • League: Platinum
  • Spawn Location: 7:00

Slaughter

  • Race: Terran Terran
  • League: Gold
  • Spawn Location: 1:00

CoolDrink

  • Race: Zerg Zerg
  • Spawn Location: 3:00

VOD

Have the link to the VOD?

Description

Time

  • Played on: Jan. 29, 2021, 4:57 p.m.
  • Length: 22:48
Show
View Real Time Build Order
Export as new Build Order

qqq Zerg - Winner!

Build Orders: Hatch First, Brood Lord Corruptor 

Get SALT Encoding   

  12  0:01  Drone  
  13  0:08  Drone  
  14  0:34  Overlord  
  14  0:44  Hatchery  
  14  0:47  Drone  
  14  0:52  Drone  
  14  0:55  Drone  
  16  1:14  Drone x2  
  18  1:22  Spawning Pool  
  18  1:23  Extractor  
  16  1:32  Drone  
  17  1:33  Drone  
  18  1:47  Drone  
  19  1:57  Drone  
  19  1:58  Drone  
  20  2:12  Queen x2  
  20  2:14  Drone  
  25  2:20  Zergling x2, Overlord  
  25  2:22  Drone  
  27  2:26  Zergling x2  
  27  2:28  Metabolic Boost  
  28  2:33  Overlord  
  28  2:40  Zergling x2  
  28  2:42  Drone  
  30  2:46  Zergling x2  
  31  2:58  Evolution Chamber  
  31  2:59  Drone  
  31  3:00  Evolution Chamber  
  31  3:02  Drone x2  
  32  3:15  Zergling x2  
  32  3:17  Drone  
  32  3:19  Overlord  
  34  3:25  Zerg Melee Weapons Level 1  
  34  3:27  Drone  
  34  3:35  Zergling x4  
  34  3:36  Zergling x6  
  34  3:37  Zergling x2  
  39  3:42  Zergling x2, Overlord  
  38  3:52  Zergling x2  
  38  3:53  Zergling x2  
  40  3:58  Zerg Ground Armor Level 1  
  40  4:00  Zergling x2  
  41  4:09  Zergling x6  
  43  4:10  Drone x2, Zergling x4  
  43  4:14  Zergling x2  
  42  4:23  Drone  
  43  4:24  Zergling x2  
  43  4:29  Zergling x2  
  44  4:34  Zergling x6  
  44  4:35  Drone, Zergling x4  
  44  4:49  Zergling x2  
  44  4:50  Zergling x2  
  46  4:58  Lair  
  45  5:01  Hatchery, Zergling x2  
  45  5:02  Zergling x2  
  44  5:08  Zergling x4  
  45  5:17  Zergling x6  
  45  5:18  Drone, Zergling x4  
  47  5:41  Zergling x4  
  47  5:42  Drone, Zergling x4  
  48  5:48  Zergling x2  
  48  5:49  Zergling x2  
  51  5:50  Zergling x4  
  51  5:56  Zergling x2  
  53  6:03  Zergling x2  
  51  6:14  Zergling x4  
  51  6:15  Zergling x2  
  53  6:21  Zergling x2  
  53  6:22  Drone  
  51  6:28  Zergling x6  
  51  6:29  Hatchery, Drone  
  51  6:30  Zergling x6  
  56  6:35  Zergling x2  
  56  6:36  Drone  
  56  6:42  Zergling x2  
  56  6:44  Hatchery  
  55  6:48  Zergling x2  
  55  6:49  Drone  
  55  7:04  Zergling x2  
  55  7:05  Drone x3  
  55  7:07  Extractor  
  58  7:08  Extractor, Zerg Melee Weapons Level 2  
  58  7:09  Zerg Ground Armor Level 2  
  58  7:13  Drone  
  58  7:16  Overlord x2  
  58  7:17  Overlord  
  58  7:32  Baneling Nest  
  58  7:33  Drone  
  58  7:34  Overlord  
  58  7:36  Drone x3  
  61  7:43  Drone x2  
  63  7:47  Zergling x2  
  63  7:48  Zergling x2  
  63  7:50  Queen  
  67  8:17  Baneling x3  
  67  8:18  Baneling x6  
  67  8:19  Zergling x4  
  69  8:20  Zergling x4  
  69  8:21  Drone x5  
  69  8:22  Drone  
  69  8:25  Centrifical Hooks  
  71  8:41  Drone x2  
  71  8:42  Drone x6  
  71  8:43  Drone  
  71  8:48  Extractor  
  79  8:50  Spire  
  79  8:54  Spore Crawler x2  
  76  8:56  Drone x4  
  76  8:57  Drone x6, Spore Crawler  
  76  8:58  Spore Crawler  
  76  9:00  Extractor x2, Drone x2  
  84  9:05  Infestation Pit  
  82  9:15  Drone x6  
  88  9:17  Spore Crawler  
  88  9:19  Spine Crawler  
  88  9:20  Spine Crawler  
  88  9:23  Drone x2  
  87  9:39  Drone x2  
  87  9:40  Drone x3  
  87  9:41  Drone  
  87  9:42  Extractor  
  87  9:44  Extractor  
  87  9:45  Spine Crawler  
  89  9:50  Baneling  
  89  9:57  Drone x3  
  92  10:03  Mutalisk x4  
  92  10:05  Overlord x6  
  92  10:06  Overlord x4  
  100  10:10  Hive  
  100  10:11  Drone  
  101  10:21  Drone, Spire  
  101  10:23  Drone x2  
  101  10:25  Drone x2  
  101  10:26  Drone x3  
  108  10:30  Extractor  
  108  10:32  Extractor  
  106  10:36  Drone x2  
  106  10:37  Mutalisk  
  106  10:39  Mutalisk  
  106  10:42  Mutalisk  
  112  10:43  Hatchery, Mutalisk  
  111  11:02  Mutalisk x3  
  111  11:03  Mutalisk  
  102  11:04  Drone x2  
  102  11:05  Drone x3  
  102  11:07  Zergling x2  
  102  11:08  Zergling x14  
  115  11:14  Drone  
  115  11:16  Drone x2  
  118  11:20  Spine Crawler x2  
  118  11:21  Spore Crawler  
  115  11:27  Mutalisk x4  
  115  11:28  Mutalisk  
  122  11:35  Zerg Flyer Armor Level 1  
  121  11:42  Greater Spire  
  121  11:46  Drone x4  
  122  12:07  Corruptor x2  
  122  12:08  Corruptor x6  
  124  12:10  Drone x4  
  124  12:11  Drone x2  
  142  12:17  Overseer x3  
  142  12:18  Overseer  
  142  12:19  Pneumatized Carapace  
  127  12:32  Corruptor x3  
  127  12:33  Drone  
  127  12:34  Drone x3  
  121  13:20  Drone x6  
  121  13:22  Corruptor  
  121  13:23  Corruptor x6  
  121  13:24  Corruptor x2  
  145  13:29  Zerg Flyer Weapons Level 1  
  145  13:36  Brood Lord  
  145  13:37  Brood Lord x3  
  145  13:40  Drone x2  
  155  13:46  Drone x5  
  157  13:58  Corruptor x2  
  157  13:59  Corruptor x3  
  165  14:09  Brood Lord x2  
  169  14:18  Zerg Flyer Armor Level 2  
  169  14:27  Brood Lord  
  165  14:50  Brood Lord x2  
  149  15:01  Brood Lord x3  
  149  15:04  Drone x2, Brood Lord  
  149  15:05  Drone x3  
  162  15:31  Brood Lord x2, Viper x2  
  162  15:35  Overlord x4  
  172  15:36  Overlord x3  
  172  15:38  Extractor  
  172  15:40  Extractor  
  170  15:54  Drone x3  
  173  16:07  Drone x4  
  173  16:09  Queen  
  179  16:15  Extractor  
  178  16:18  Drone x2  
  178  16:19  Drone x2  
  150  17:16  Brood Lord  
  150  17:17  Brood Lord x8  
  150  17:18  Brood Lord, Corruptor x4  
  150  17:19  Corruptor x5  
  150  17:22  Drone x3  
  161  17:49  Corruptor x5  
  146  18:11  Corruptor x2  
  146  18:12  Corruptor  
  126  18:24  Spine Crawler  
  119  18:28  Corruptor  
  119  18:30  Drone x2  
  119  18:31  Drone, Zergling x6  
  119  18:32  Zergling x2  
  125  18:36  Spine Crawler x2  
  118  18:42  Spine Crawler  
  106  18:57  Spire  
  101  19:19  Hatchery  
  101  19:20  Hatchery  
  97  19:25  Drone x3  
  100  19:34  Drone x3  
  103  19:38  Spine Crawler  
  103  19:40  Spine Crawler  
  85  20:12  Greater Spire  
  81  20:15  Greater Spire  
  81  20:20  Drone x3  
  84  20:24  Zergling x8  
  84  20:25  Zergling x4  
  90  21:16  Drone x4  
  90  21:17  Drone x5  
  96  21:33  Brood Lord x5  
  96  21:34  Brood Lord  
  104  22:30  Spine Crawler  
  104  22:31  Hatchery, Spine Crawler  
  104  22:32  Spine Crawler  
  104  22:33  Hatchery, Spine Crawler x2  
  104  22:34  Spine Crawler, Spore Crawler  
  104  22:36  Spore Crawler  
  94  22:47  Hatchery  
Show
View Real Time Build Order
Export as new Build Order

Massa Terran - Winner!

Build Orders:  

Get SALT Encoding   

  12  0:00  SCV  
  13  0:17  Supply Depot  
  13  0:18  SCV  
  14  0:30  SCV  
  15  0:40  Barracks  
  15  0:42  SCV  
  16  0:54  SCV  
  16  0:56  Refinery  
  17  1:06  SCV  
  18  1:19  SCV  
  20  1:33  Orbital Command  
  20  1:40  Reaper  
  20  1:42  Command Center  
  20  1:58  SCV  
  20  1:59  Supply Depot  
  21  2:12  Marine  
  22  2:19  Factory  
  22  2:41  Marine  
  23  2:45  SCV  
  24  2:58  SCV, Command Center  
  25  3:07  Hellion  
  25  3:09  Supply Depot  
  27  3:15  Starport, Orbital Command  
  27  3:17  Barracks Tech Lab  
  26  3:23  Barracks  
  26  3:28  Hellion  
  28  3:41  Marine  
  25  3:56  Hellion  
  25  3:59  Marine  
  28  4:04  Starport Tech Lab  
  28  4:07  SCV x2  
  30  4:16  Marine  
  31  4:18  Hellion  
  31  4:19  SCV x2  
  31  4:21  Stimpack  
  35  4:24  Banshee  
  35  4:26  Refinery  
  35  4:29  Refinery  
  32  4:35  Marine  
  33  4:39  Hellion  
  33  4:42  Marine  
  33  4:45  SCV x3  
  39  4:50  Engineering Bay  
  39  4:53  Marine  
  39  4:55  Supply Depot  
  39  4:57  SCV  
  39  4:59  Marine  
  41  5:01  Hellion  
  39  5:45  Banshee  
  39  5:47  Cloaking Field  
  39  5:48  Barracks Reactor  
  39  5:49  SCV  
  43  5:50  SCV x2  
  43  5:54  Barracks  
  40  6:01  SCV  
  40  6:02  SCV x2  
  43  6:06  Combat Shield  
  43  6:10  Factory Reactor  
  43  6:14  SCV x3  
  45  6:20  Marine  
  45  6:25  Marine x2  
  48  6:26  SCV  
  48  6:27  SCV x2, Banshee  
  54  6:35  Terran Infantry Weapons Level 1  
  54  6:37  Barracks  
  54  6:38  SCV, Armory, Marine  
  54  6:39  SCV x2, Barracks  
  58  6:42  Refinery  
  58  6:43  Marine x2  
  64  6:47  Hellion x2  
  64  6:51  SCV x2  
  64  6:52  SCV  
  67  6:56  Barracks Tech Lab, Marine  
  67  7:01  Marine x2  
  74  7:08  Hellion x2  
  74  7:14  Marine  
  69  7:18  Marine  
  70  7:27  SCV x2  
  72  7:30  Missile Turret  
  72  7:33  Terran Vehicle Weapons Level 1  
  72  7:34  Engineering Bay  
  72  7:36  Armory  
  72  7:37  Barracks Reactor  
  72  7:38  Barracks Tech Lab  
  72  7:39  SCV x2  
  74  7:48  Widow Mine  
  74  7:51  SCV  
  77  7:59  Supply Depot x2  
  77  8:00  Missile Turret x2  
  77  8:14  SCV  
  77  8:20  Widow Mine, SCV, Marauder x2, Marine x2, Medivac  
  77  8:21  Widow Mine  
  77  8:23  Missile Turret  
  77  8:25  Missile Turret  
  77  8:26  SCV  
  83  8:32  SCV  
  81  8:42  Marauder x2  
  81  8:44  SCV x2  
  81  8:46  Planetary Fortress, Missile Turret  
  87  8:52  Terran Infantry Armor Level 1, Terran Infantry Weapons Level 2  
  87  8:56  SCV x2  
  89  9:04  Command Center  
  89  9:06  Missile Turret  
  89  9:08  SCV  
  89  9:09  SCV  
  91  9:11  Sensor Tower  
  91  9:12  Sensor Tower  
  91  9:17  Terran Vehicle And Ship Armor Level 1  
  91  9:20  SCV  
  91  9:21  SCV  
  93  9:29  Starport  
  93  9:36  Factory Tech Lab  
  93  9:39  Refinery  
  93  9:40  Refinery  
  93  9:44  Terran Vehicle Weapons Level 2  
  93  9:51  Supply Depot  
  93  9:52  Supply Depot x3  
  93  9:53  Factory, Supply Depot  
  93  10:09  Factory  
  93  10:12  SCV  
  93  10:13  Siege Tank  
  97  10:16  Concussive Shells  
  97  10:18  Medivac x2  
  101  10:25  SCV x3  
  104  10:37  SCV, Missile Turret  
  105  10:50  Sensor Tower  
  105  10:53  Cyclone  
  105  10:55  Factory Tech Lab  
  105  10:56  Marauder, Marine  
  103  11:04  Marauder x2, Marine x3  
  110  11:14  Marine, Planetary Fortress  
  110  11:18  Marauder  
  113  11:22  Marine  
  113  11:25  Cyclone, Marauder x2, Liberator  
  124  11:27  Marine x2  
  124  11:32  Marine  
  127  11:39  Marine  
  128  11:40  Marine  
  128  11:45  Marine x2  
  128  11:46  Marine x2, Viking x2  
  134  11:48  Factory Tech Lab  
  131  11:56  Siege Tank  
  131  11:59  Smart Servos  
  137  12:07  Siege Tank  
  137  12:08  Viking  
  136  12:16  Viking  
  132  12:28  Orbital Command, Siege Tank  
  133  12:37  Siege Tank  
  133  12:39  Siege Tank  
  137  12:54  Viking x3  
  143  13:00  Siege Tank  
  146  13:07  SCV x2  
  146  13:10  Refinery  
  148  13:12  Refinery  
  148  13:17  Supply Depot  
  148  13:18  Terran Infantry Weapons Level 3, Supply Depot  
  148  13:19  Supply Depot  
  148  13:21  SCV x2  
  148  13:23  Terran Infantry Armor Level 2  
  147  13:39  Viking  
  147  13:40  Viking x2  
  153  13:42  Supply Depot  
  153  13:43  Supply Depot  
  153  13:46  Supply Depot  
  153  13:49  Terran Vehicle And Ship Armor Level 2  
  153  14:06  Supply Depot  
  153  14:08  Viking  
  153  14:10  Viking  
  153  14:30  Liberator  
  156  14:37  Siege Tank x3  
  165  14:38  Liberator  
  165  14:40  Viking  
  167  15:09  Siege Tank  
  167  15:10  Viking  
  167  15:13  Viking  
  172  15:49  Sensor Tower  
  172  15:53  Missile Turret x2  
  172  15:54  Missile Turret  
  172  15:56  Thor x2  
  184  15:57  Thor  
  184  15:59  Marauder x3, Marine x3  
  199  16:07  Terran Infantry Armor Level 3  
  198  16:20  Marauder x2  
  197  16:41  Marauder  
  195  17:02  Thor  
  194  17:14  Orbital Command  
  192  17:21  Supply Depot  
  192  17:22  Supply Depot x2  
  174  17:23  Supply Depot x2  
  159  17:31  Thor x2  
  159  17:32  Marauder x2  
  169  17:39  Medivac x2  
  166  17:45  Thor  
  166  17:47  Supply Depot  
  168  17:53  Marine x2  
  167  18:11  Marine  
  167  18:12  Marauder  
  160  18:29  Marine  
  155  18:46  SCV, Marine  
  155  18:47  SCV x3  
  160  18:58  SCV, Barracks x2  
  160  19:01  Barracks  
  160  19:02  Barracks  
  161  19:03  Factory  
  161  19:05  Factory  
  157  19:10  SCV  
  157  19:19  Medivac x2  
  157  19:22  SCV  
  159  19:44  SCV x4  
  163  19:49  Medivac x2  
  167  19:54  Factory Tech Lab  
  167  19:56  SCV x2  
  169  20:00  Factory Tech Lab  
  169  20:06  Barracks Reactor, Barracks Tech Lab x2  
  169  20:07  Barracks Reactor  
  169  20:16  SCV  
  170  20:27  Medivac x2  
  170  20:28  SCV  
  175  20:30  Thor  
  175  20:31  Thor x3  
  199  20:38  Command Center  
  199  20:40  SCV  
  200  20:50  Command Center  
  200  21:06  Engineering Bay  
  200  21:07  Armory  
  200  21:08  Engineering Bay  
  184  21:48  Viking x2  
  185  22:18  Viking x2  
  185  22:21  Marauder x3, Marine x2  
Show
View Real Time Build Order
Export as new Build Order

Slaughter Terran 

Build Orders: Reaper Expand 

Get SALT Encoding   

  12  0:00  SCV  
  13  0:12  SCV  
  14  0:17  Supply Depot  
  14  0:24  SCV  
  15  0:39  SCV  
  15  0:40  Barracks  
  16  0:45  Refinery  
  16  0:51  SCV  
  17  1:03  SCV  
  18  1:15  SCV  
  19  1:27  Orbital Command  
  19  1:28  Reaper  
  20  1:41  Command Center  
  20  1:53  SCV, Supply Depot  
  21  2:01  Barracks Reactor  
  21  2:05  SCV  
  22  2:17  Barracks  
  22  2:18  SCV  
  23  2:30  SCV  
  24  2:38  Marine x2  
  24  2:43  SCV  
  26  2:44  Factory  
  26  2:49  Refinery  
  26  2:55  SCV  
  26  2:56  Marine x2  
  26  2:57  Orbital Command  
  29  3:02  Refinery  
  29  3:04  Barracks Tech Lab  
  29  3:08  SCV  
  30  3:14  Marine x2  
  30  3:15  Supply Depot  
  32  3:20  SCV  
  32  3:23  SCV  
  34  3:27  Marine  
  34  3:29  Factory Tech Lab  
  34  3:30  Combat Shield  
  34  3:32  SCV, Marine x2  
  38  3:35  SCV  
  39  3:44  SCV  
  39  3:45  Marine  
  39  3:47  SCV  
  42  3:50  Marine x2  
  42  3:51  Refinery  
  44  3:56  SCV, Siege Tank  
  44  4:00  SCV  
  49  4:03  Marine  
  49  4:06  Starport  
  49  4:08  SCV  
  51  4:12  SCV  
  51  4:13  Supply Depot  
  52  4:20  SCV  
  53  4:27  SCV  
  54  4:35  SCV, Supply Depot  
  55  4:40  SCV  
  55  4:41  Marine x3, Siege Tank  
  62  4:49  Stimpack  
  62  4:56  Command Center  
  62  4:57  SCV  
  62  4:58  SCV  
  62  4:59  Marine  
  65  5:03  Supply Depot  
  65  5:09  SCV  
  65  5:11  Starport Reactor  
  65  5:13  Marine  
  67  5:15  SCV  
  67  5:16  Engineering Bay  
  67  5:18  Engineering Bay  
  68  5:21  SCV  
  68  5:27  SCV  
  70  5:30  Marine x2, Siege Tank  
  70  5:31  Marine  
  70  5:33  SCV  
  74  5:39  SCV  
  75  5:48  Marine x2  
  75  5:49  Marine, Missile Turret  
  78  5:50  Missile Turret  
  78  6:07  SCV x2, Marine x2, Medivac x2, Siege Tank  
  89  6:12  Orbital Command  
  89  6:14  Missile Turret  
  89  6:17  Marine  
  90  6:19  SCV  
  90  6:25  SCV, Marine  
  93  6:31  Supply Depot x2  
  93  6:35  Missile Turret  
  93  6:36  Missile Turret  
  93  6:38  Missile Turret  
  93  6:40  Refinery  
  93  6:43  Terran Infantry Weapons Level 1  
  93  6:45  Terran Infantry Armor Level 1  
  93  6:52  Marine  
  93  6:53  SCV x2, Siege Tank  
  99  7:05  SCV x2  
  101  7:17  SCV  
  101  7:20  Marine x3  
  101  7:22  Medivac x2  
  109  7:26  Refinery  
  109  7:32  Supply Depot  
  109  7:33  Supply Depot  
  109  7:35  Armory  
  109  7:49  Supply Depot  
  109  7:51  Supply Depot x2  
  109  7:52  Supply Depot  
  109  7:53  Marine  
  109  7:54  SCV x3  
  109  7:57  Supply Depot  
  113  7:59  Supply Depot  
  113  8:03  Sensor Tower  
  113  8:17  Marine x3  
  113  8:18  Viking x2  
  113  8:19  Siege Tank  
  123  8:34  Marine x2  
  125  9:01  Terran Infantry Armor Level 2, Terran Infantry Weapons Level 2  
  125  9:05  Terran Vehicle Weapons Level 1  
  122  9:22  Command Center  
  122  9:30  Siege Tank  
  125  9:36  Factory  
  125  9:37  Factory  
  125  9:41  Barracks x3  
  125  9:42  Marine  
  125  9:43  Missile Turret  
  126  9:51  SCV  
  128  9:57  Marine  
  128  9:58  Marine  
  128  9:59  Viking x2  
  133  10:00  Marine  
  133  10:04  Siege Tank  
  136  10:15  Marine  
  136  10:16  Marine  
  136  10:18  Marine  
  139  10:21  Factory Tech Lab  
  139  10:22  Factory Tech Lab  
  139  10:29  Viking x2  
  139  10:33  Marine x2  
  145  10:36  Marine  
  145  10:37  Siege Tank  
  149  10:51  Marine x2  
  149  10:53  Marine  
  150  10:59  Terran Vehicle And Ship Armor Level 1  
  139  11:05  Viking x2  
  139  11:06  Marine x2, Siege Tank x2  
  139  11:07  Marine  
  139  11:09  Marine x2, Siege Tank  
  157  11:11  Marine  
  158  11:24  Marine x3  
  161  11:27  Marine x2  
  161  11:29  Marine  
  164  11:35  Viking x2  
  168  11:42  Marine x3  
  168  11:44  Marine  
  168  11:45  Marine  
  173  11:47  Marine  
  174  12:00  Marine x3  
  177  12:02  Marine  
  177  12:04  Viking  
  177  12:14  Terran Infantry Weapons Level 3, Terran Infantry Armor Level 3  
  177  12:17  Marine  
  177  12:18  Marine x2  
  177  12:31  Widow Mine x2  
  177  12:32  Widow Mine, Viking  
  177  12:34  Viking  
  187  12:53  Terran Ship Weapons Level 1  
  187  13:00  Supply Depot  
  187  13:04  Supply Depot  
  187  13:21  Widow Mine, Viking x2  
  193  13:27  Fusion Core  
  193  13:29  Planetary Fortress  
  192  13:51  Liberator, Viking  
  197  14:05  Missile Turret  
  197  14:08  Missile Turret x2  
  189  14:10  Missile Turret  
  189  14:11  Missile Turret  
  180  14:30  Missile Turret  
  178  14:33  Viking  
  178  14:34  Viking  
  148  15:03  Viking  
  110  15:39  Refinery x2  
  110  15:58  Barracks Reactor x2  
  110  15:59  Barracks Reactor  
  110  16:02  Terran Vehicle And Ship Armor Level 2  
  110  16:03  Supply Depot  
  136  16:04  Neosteel Armor  
  110  16:06  Marine x3  
  110  16:07  Widow Mine  
  110  16:08  Widow Mine x2, Viking x2  
  123  16:23  Marine  
  123  16:24  Marine x2  
  126  16:27  Hi-Sec Auto Tracking, Sensor Tower  
  126  16:29  Widow Mine x2, Siege Tank  
  133  16:35  Supply Depot  
  133  16:38  Viking x2  
  137  16:41  Marine  
  137  16:42  Marine  
  137  16:45  Command Center  
  139  16:50  Siege Tank x2  
  145  17:01  Siege Tank  
  148  17:08  Viking x2  
  150  17:22  Siege Tank  
  151  17:25  Marine, Siege Tank  
  151  17:26  Marine x8  
  163  17:43  Marine  
  163  17:44  Marine x8  
  157  18:01  Marine x3  
  149  18:06  Viking x2  
  138  18:17  Terran Ship Weapons Level 2  
  110  18:36  Viking x2  
  107  19:05  Viking  
  107  19:06  Viking  
  107  19:17  Starport  
  107  19:18  Starport, Marine x3  
  107  19:19  Marine x6  
  107  19:21  Widow Mine x3  
  122  19:35  Viking  
  122  19:36  Marine x8, Viking  
  122  19:37  Marine  
  135  19:42  Widow Mine x3  
  139  19:54  Marine x9  
  147  20:03  Widow Mine  
  147  20:04  Widow Mine x2  
  147  20:05  Viking  
  147  20:06  Viking  
  144  20:12  Marine x8  
  149  20:23  Marine  
  149  20:25  Widow Mine  
  152  20:29  Marine  
  152  20:30  Marine x7, Medivac x2  
  164  20:35  Viking  
  164  20:36  Viking  
  164  20:41  Marine  
  169  20:47  Marine x3  
  169  20:48  Marine x5  
  177  20:52  Command Center  
  177  20:59  Marine  
  178  21:05  Marine x6, Medivac  
  178  21:06  Marine x2  
  188  21:11  Command Center  
  188  21:17  Marine  
  189  21:34  Marine  
  168  22:03  Missile Turret  
  168  22:21  Missile Turret  
  168  22:22  Missile Turret  
  129  22:46  Missile Turret  
Show
View Real Time Build Order
Export as new Build Order

CoolDrink Zerg 

Build Orders: Hatch First, Lurkers 

Get SALT Encoding   

  12  0:03  Drone  
  13  0:17  Overlord  
  13  0:18  Drone  
  14  0:36  Drone x2  
  14  0:41  Drone  
  17  0:59  Drone  
  17  1:00  Hatchery  
  17  1:01  Drone  
  18  1:14  Extractor  
  18  1:17  Spawning Pool  
  16  1:18  Drone  
  16  1:22  Spawning Pool  
  16  1:24  Drone  
  18  1:33  Drone  
  19  1:57  Drone  
  19  1:58  Drone  
  21  2:12  Zergling x2  
  21  2:13  Queen x2, Zergling x2  
  21  2:14  Metabolic Boost  
  27  2:19  Zergling x2  
  28  2:25  Overlord  
  28  2:44  Zergling x6  
  28  2:45  Zergling x2  
  31  2:59  Zergling x2  
  31  3:00  Zergling x4  
  34  3:09  Overlord  
  34  3:10  Overlord  
  33  3:23  Zergling x4  
  35  3:28  Hatchery  
  35  3:29  Zergling x2  
  35  3:30  Zergling x10  
  34  3:45  Zergling x6  
  37  3:55  Zergling x2  
  37  3:56  Zergling x6  
  39  4:08  Zergling x10  
  36  4:19  Zergling x4  
  35  4:31  Zergling x2  
  35  4:32  Zergling x12  
  38  4:42  Zergling x2  
  38  4:43  Zergling x2  
  36  4:47  Zergling x2  
  35  4:57  Queen, Zergling x2  
  35  4:59  Zergling x4  
  37  5:07  Zergling x2  
  37  5:08  Zergling x4  
  37  5:12  Zergling x2  
  37  5:13  Zergling x2  
  35  5:23  Zergling x2  
  35  5:24  Zergling x12  
  39  5:37  Zergling x8  
  40  5:45  Lair  
  39  5:57  Zergling x14  
  42  6:04  Spore Crawler  
  42  6:05  Spore Crawler  
  42  6:07  Drone  
  31  6:25  Zergling x2  
  31  6:26  Zergling x10  
  36  6:35  Zergling x6  
  31  6:48  Drone x2  
  31  6:49  Drone, Baneling Nest  
  33  7:02  Drone x4  
  38  7:08  Drone  
  38  7:28  Drone x2  
  38  7:29  Drone x3  
  43  7:36  Hatchery  
  42  7:51  Baneling x3  
  34  8:20  Extractor, Drone x2  
  34  8:21  Drone x8  
  43  8:31  Baneling  
  43  8:46  Extractor  
  43  8:47  Extractor  
  41  8:55  Drone x8  
  49  8:58  Overlord  
  49  8:59  Overlord x4  
  49  9:06  Evolution Chamber  
  49  9:07  Queen, Hydralisk Den  
  49  9:08  Evolution Chamber  
  48  9:18  Extractor, Drone x6  
  48  9:19  Drone x4, Extractor  
  56  9:35  Zerg Missile Weapons Level 1, Zerg Ground Armor Level 1  
  56  9:40  Lurker Den  
  55  9:48  Drone x9  
  55  9:49  Drone  
  65  9:56  Nydus Network  
  64  10:08  Hydralisk x2  
  64  10:09  Hydralisk x2  
  72  10:24  Hydralisk  
  72  10:25  Hydralisk  
  72  10:27  Hatchery  
  75  10:28  Drone  
  76  10:43  Drone  
  76  10:44  Drone x11, Infestation Pit  
  87  10:50  Lurker  
  88  11:05  Hydralisk  
  88  11:07  Overlord x2  
  88  11:08  Overlord x3  
  88  11:10  Nydus Canal  
  88  11:14  Lurker x2  
  90  11:30  Extractor  
  90  11:31  Extractor  
  90  11:32  Overlord  
  88  11:34  Zerg Ground Armor Level 2, Overlord, Grooved Spines, Zerg Missile Weapons Level 2, Hive  
  88  11:36  Hydralisk x4  
  96  11:54  Nydus Canal  
  96  12:00  Hydralisk  
  96  12:01  Hydralisk x8  
  98  12:08  Lurker  
  106  12:34  Hydralisk  
  106  12:35  Hydralisk x11  
  130  12:40  Hydralisk x2  
  130  12:45  Muscular Augments  
  130  12:47  Lurker x2  
  130  12:51  Spore Crawler  
  123  13:10  Hydralisk x3  
  123  13:11  Hydralisk x7  
  132  13:23  Lurker x2  
  134  13:28  Drone x2  
  134  13:29  Overlord x4  
  134  13:30  Overlord x2  
  136  13:34  Seismic Spines  
  136  13:53  Zerg Missile Weapons Level 3  
  128  14:15  Hydralisk  
  128  14:16  Hydralisk x12  
  152  14:29  Overlord x2  
  152  14:31  Adaptive Talons  
  152  14:41  Hydralisk x10  
  152  14:44  Nydus Canal  
  156  15:05  Zerg Ground Armor Level 3  
  132  15:14  Centrifical Hooks  
  132  15:15  Adrenal Glands  
  132  15:19  Hydralisk  
  132  15:20  Hydralisk x2  
  135  15:21  Hatchery  
  129  15:34  Drone x3  
  129  15:35  Queen  
  125  15:42  Pathogen Glands  
  125  15:44  Infestor  
  125  15:45  Infestor  
  127  15:59  Nydus Canal  
  127  16:06  Hydralisk x3  
  127  16:07  Hydralisk x7  
  147  16:23  Hydralisk x7  
  161  16:30  Nydus Canal  
  161  16:33  Zergling x8  
  161  16:34  Zergling x14  
  166  16:44  Nydus Canal  
  116  17:12  Hydralisk x6  
  80  17:45  Extractor  
  80  17:46  Extractor  
  77  17:56  Hatchery  
  72  18:04  Hatchery  
  71  18:11  Hydralisk  
  71  18:12  Hydralisk x5  
  77  18:40  Hydralisk x4  
  52  19:17  Nydus Canal  
  30  19:46  Queen  
  30  19:48  Queen  
  30  19:49  Drone x3  
  30  19:52  Queen  
  37  19:54  Hydralisk x6  
  49  20:16  Hydralisk  
  49  20:17  Hydralisk x2  
  45  21:09  Hatchery  
  42  21:12  Nydus Canal  
  42  21:24  Hydralisk  
  42  21:25  Hydralisk x10  
Tags
 
Add a new tag
Caveats
  • Supply blocks, unpowered buildings, or Contaminate may cause inaccurate times.
  • Supply counts are checked every 10 seconds.